 Dungeon Crawl Stone Soup version 0.17.0-28-g6e173f8 (webtiles) character file.

47 lucasterio the Ruffian (level 3, -3/28 HPs)
             Began as a Draconian Transmuter on Dec 1, 2015.
             Was an Initiate of Cheibriados.
             Slain by a worm (8 damage)
             ... on level 2 of the Dungeon.
             The game lasted 00:03:37 (1425 turns).

lucasterio the Ruffian (Draconian Transmuter)       Turns: 1425, Time: 00:03:37

Health: -3/28      AC:  5    Str: 14    XL:     3   Next: 48%
Magic:  3/6        EV: 12    Int: 14    God:    Cheibriados [......]
Gold:   58         SH:  0    Dex: 12    Spells: 1 memorised, 5 levels left

rFire  . . .     SeeInvis .       - Unarmed
rCold  . . .     Clarity  .     (armour unavailable)
rNeg   . . .     SustAt   .     (no shield)
rPois  .         Gourm    .     (helmet restricted)
rElec  .         Spirit   .     (no cloak)
rCorr  .         Warding  .     (no gloves)
rMut   .         Stasis   .     (boots currently unavailable)
MR     .....                    (no amulet)
Stlth  +.........               (no ring)
                                (no ring)

@: appendage (expiring), very slow, not resistant to hostile enchantments, very
unstealthy
A: unfitting armour, talons 3, cold-blooded, AC +5
a: End Transformation, Bend Time, Renounce Religion


You were on level 2 of the Dungeon.
You worshipped Cheibriados.
Cheibriados was noncommittal.
You were not hungry.
You had grown temporary talons.
You visited 1 branch of the dungeon, and saw 2 of its levels.

You collected 58 gold pieces.

Inventory:

Missiles
 a - 12 arrows
Jewellery
 e - an uncursed ring of flight {unknown}
Scrolls
 d - a scroll of recharging {unknown}
 h - a scroll of noise {unknown}
 i - a scroll of identify {unknown}
 l - a scroll of fog {unknown}
 m - 2 scrolls of enchant armour {unknown}
Potions
 j - a potion of curing {unknown}
 k - a potion of lignification {unknown}
 n - a potion of invisibility {unknown}
Books
 b - a book of Changes

   Spells                             Type                      Level
   a - Beastly Appendage              Transmutation                1
   b - Sticks to Snakes               Transmutation                2
   c - Spider Form                    Transmutation/Poison         3
   d - Ice Form                       Ice/Transmutation            4
   e - Blade Hands                    Transmutation                5
Comestibles
 c - a bread ration
 f - 2 chunks of flesh
 g - 2 meat rations


   Skills:
 - Level 1.1 Fighting
 + Level 2.4 Dodging
 + Level 3.5 Unarmed Combat
 - Level 2.0 Spellcasting
 + Level 2.8 Transmutations


You had 5 spell levels left.
You knew the following spells:

 Your Spells              Type           Power        Failure   Level  Hunger
a - Beastly Appendage     Trmt           #.....       10%         1    ##.....


Dungeon Overview and Level Annotations

Branches:
Dungeon (2/15)

Altars:
Cheibriados
Gozag
Vehumet
Yredelemnul

Shops:
D:2 *


Innate Abilities, Weirdness & Mutations

Your plain brown scales are hard (AC +5).
Your body does not fit into most forms of armour.
You are cold-blooded and may be slowed by cold attacks.
You have claws for feet.


Message History

The adder is heavily wounded.
Your transformation is almost over.
The adder closely misses you.
You hit the adder.
Your tail-slap misses the adder.
The adder is severely wounded.
The adder barely misses you.
You closely miss the adder. Your kick misses the adder.
The adder is severely wounded.
The adder barely misses you. x2
You hit the adder.
You kill the adder!
Cheibriados thoroughly appreciates the change of pace.
The bat hits you but does no damage. x2
You closely miss the bat. Your kick misses the bat. The bat misses you.
You hit the worm. You punch the worm, but do no damage.
The worm is lightly wounded.
You hit the worm. You claw the worm, but do no damage.
The worm is moderately wounded.
The worm bites you!
You die...

≈..∩..._..........#
≈.⌠.⌠....≈........#
≈.....≈≈≈≈........#
≈≈≈≈≈≈≈..w..w......
#.......###.###.##
######.## .# #.##
..
######.w#######.#
.......bw@...[...
#######.#######.#
#####.#######
.##...#........
......#..######
.........##
....._....#
#.........#.#
#....⌠....#.#


You could see 2 worms and a bat.

Vanquished Creatures
  2 adders (D:2)
  3 bats
  5 hobgoblins
  A quokka (D:2)
  4 giant cockroaches (D:1)
  3 giant newts
  2 goblins
  5 kobolds (D:1)
  4 rats (D:1)
29 creatures vanquished.

Notes
Turn   | Place    | Note
--------------------------------------------------------------
     0 | D:1      | lucasterio the Draconian Transmuter began the quest for the Orb.
     0 | D:1      | Reached XP level 1. HP: 16/16 MP: 3/3
   448 | D:1      | Reached XP level 2. HP: 15/23 MP: 3/5
   962 | D:2      | Found a snail-covered altar of Cheibriados.
  1281 | D:2      | Reached XP level 3. HP: 23/28 MP: 6/6
  1284 | D:2      | Became a worshipper of Cheibriados the Contemplative
  1363 | D:2      | Found a basalt altar of Yredelemnul.
  1375 | D:2      | Found a radiant altar of Vehumet.
  1392 | D:2      | Found an opulent altar of Gozag.
  1392 | D:2      | Found Gozag's Platinum Reserve.
  1425 | D:2      | Slain by a worm

Action                   || total
-------------------------++-------
Melee: Unarmed           ||   146
 Cast: Beastly Appendage ||     2
Invok: Bend Time         ||     1
  Eat: Chunk             ||     2
